 Dungeon Crawl Stone Soup version 0.18.1-48-g4cf74bf (webtiles) character file.

1656 slumpy the Blocker (level 9, -6/69 HPs)
             Began as a Formicid Fighter on Sept 4, 2016.
             Mangled by an ogre
             ... wielding a +0 giant spiked club
              (22 damage)
             ... on level 4 of the Dungeon.
             The game lasted 00:26:57 (4291 turns).

slumpy the Blocker (Formicid Fighter)               Turns: 4291, Time: 00:26:59

Health: -6/69      AC: 14    Str: 24    XL:     9   Next: 20%
Magic:  9/9        EV:  9    Int:  7    God:
Gold:   183        SH: 11    Dex:  9    Spells: 0 memorised, 8 levels left

rFire  . . .     SeeInvis +     a - +0 war axe
rCold  . . .     Gourm    .     k - +0 chain mail
rNeg   . . .     Faith    .     c - +0 shield
rPois  .         Spirit   .     (helmet unavailable)
rElec  .         Dismiss  .     (no cloak)
rCorr  .         Reflect  .     e - +2 pair of gloves
SustAt .         Harm     .     (no boots)
MR     .....                    (no amulet)
Stlth  ..........               (no ring)
                                (no ring)

@: not resistant to hostile enchantments, extremely unstealthy
A: permanent stasis, dig shafts and tunnels, four strong arms, antennae 3,
molten scales 1, clumsy 1, evolution 1, MP-powered wands
a: Dig, Shaft Self


You were on level 4 of the Dungeon.
You were not hungry.

You visited 1 branch of the dungeon, and saw 4 of its levels.
You also visited: Sewer.

You collected 183 gold pieces.

Inventory:

Hand Weapons
 a - a +0 war axe (weapon)
 d - a +0 blowgun
 j - a +2 dagger of venom
 m - a +0 whip of electrocution
 o - a +1 whip of freezing
 s - a +0 long sword of freezing
 v - a +0 falchion
 w - a +0 scythe
 A - a +0 hunting sling
 B - a +3 spear
Missiles
 l - 4 tomahawks
 n - 14 poisoned needles
 u - 2 javelins (quivered)
Armour
 b - a +0 scale mail
 c - a +0 shield (worn)
 e - a +2 pair of gloves (worn)
 k - a +0 chain mail (worn)
Scrolls
 g - a scroll of remove curse
 i - a scroll of identify
 p - a scroll of enchant weapon
 r - a scroll of recharging
 y - a scroll of amnesia
Potions
 z - a potion of flight {unknown}
 C - a potion of brilliance {unknown}
Comestibles
 f - 3 bread rations
 h - 4 fruits
 q - a slice of pizza
 x - a beef jerky


   Skills:
 + Level 5.7 Fighting
 + Level 5.6 Axes
 + Level 1.2 Throwing
 + Level 6.3 Armour
 + Level 2.6 Dodging
 + Level 8.2 Shields


You had 8 spell levels left.
You didn't know any spells.

Dungeon Overview and Level Annotations

Branches:
Dungeon (4/15)
 Temple: D:4-7

Altars:

Shops:
D:4 (


Innate Abilities, Weirdness & Mutations

You are under a permanent stasis effect.
You can dig through walls and to a lower floor.
Your four strong arms can wield two-handed weapons with a shield.
You have a pair of large antennae on your head (SInv).
You are partially covered in molten scales (AC +1).
You are clumsy. (Dex -2)
You evolve.
You expend magic power (3 MP) to strengthen your wands.


Message History

You slash the ogre!
The ogre is severely wounded.
You hit the adder.
The adder is lightly wounded.
The adder bites you but does no damage. You block the ogre's attack.
You hit the ogre.
The ogre is severely wounded.
You hit the adder but do no damage.
The adder is lightly wounded.
The adder bites you but does no damage.
The ogre hits you with a giant spiked club!
* * * LOW HITPOINT WARNING * * *
The adder bites you but does no damage.
You completely miss the ogre.
The ogre is severely wounded.
You closely miss the adder.
The adder is lightly wounded.
The adder bites you but does no damage.
The ogre hits you with a giant spiked club!!
You die...

. #..#.#.
..#.#
###+####.#.#
#.....##.#.#
#.#.#.#...>#
+..∩..'.#..#
#.#.#.###..#
#.....#
#.>..
###@###
......
#SO..#
##....#
#[...#
...###
#....# ..#
#....#
#.....
###....
$....


You could see an ogre and an adder.

Vanquished Creatures
  Pikel (D:4)
  Sigmund (D:2)
  6 big kobolds (Sewer)
  A water moccasin skeleton (D:4)
  2 scorpions
  An orc priest (D:3)
  Jessica (D:3)
  A gnoll shaman (D:3)
  Ijyb (D:3)
  A worker ant (D:3)
  5 gnolls
  14 adders
  A river rat (Sewer)
  5 oozes
  2 worms
  A dart slug (D:1)
  5 giant geckos
  5 orcs (D:3)
  5 ball pythons
  12 bats
  7 giant cockroaches
  9 goblins
  10 hobgoblins
  7 jackals
  16 kobolds
  A giant newt (D:1)
  7 rats
128 creatures vanquished.

Notes
Turn   | Place    | Note
--------------------------------------------------------------
     0 | D:1      | slumpy the Formicid Fighter began the quest for the Orb.
     0 | D:1      | Reached XP level 1. HP: 18/18 MP: 1/1
    62 | D:1      | Reached XP level 2. HP: 22/24 MP: 2/2
   319 | D:1      | Reached XP level 3. HP: 30/30 MP: 3/3
   836 | D:2      | Noticed Sigmund
   949 | D:1      | Reached skill level 4 in Shields
  1007 | D:2      | Reached XP level 4. HP: 37/37 MP: 4/4
  1140 | D:3      | Reached skill level 1 in Dodging
  1145 | D:3      | Noticed Ijyb
  1156 | D:3      | Killed Ijyb
  1156 | D:3      | Reached XP level 5. HP: 27/42 MP: 5/5
  1332 | D:3      | Noticed Jessica
  1344 | D:3      | Killed Jessica
  1344 | D:3      | Reached skill level 5 in Shields
  1347 | D:3      | Found a glowing drain.
  1371 | Sewer    | Entered a sewer
  1389 | Sewer    | Noticed a big kobold
  1397 | Sewer    | Killed a big kobold
  1397 | Sewer    | Reached skill level 1 in Throwing
  1397 | Sewer    | Reached XP level 6. HP: 46/48 MP: 6/6
  1486 | Sewer    | Reached XP level 7. HP: 55/55 MP: 7/7
  1689 | Sewer    | Reached skill level 6 in Shields
  3176 | D:2      | Killed Sigmund
  3176 | D:2      | Reached skill level 5 in Armour
  3176 | D:2      | Reached XP level 8. HP: 60/61 MP: 8/8
  3975 | D:3      | Reached skill level 5 in Fighting
  3975 | D:3      | Reached skill level 7 in Shields
  4010 | D:3      | Gained mutation: You evolve. [potion of beneficial mutation]
  4011 | D:3      | Gained mutation: You are clumsy. (Dex -2) [potion of mutation]
  4011 | D:3      | Gained mutation: You are partially covered in molten scales (AC +1). [potion of mutation]
  4011 | D:3      | Gained mutation: You expend magic power (3 MP) to strengthen your wands. [potion of mutation]
  4013 | D:3      | Reached skill level 5 in Axes
  4210 | D:4      | Noticed Pikel
  4261 | D:4      | Killed Pikel
  4261 | D:4      | Reached skill level 8 in Shields
  4261 | D:4      | Reached XP level 9. HP: 29/69 MP: 9/9
  4274 | D:4      | Found Efeive's Weapon Emporium.
  4291 | D:4      | Mangled by an ogre

Skill      XL: |  1  2  3  4  5  6  7  8 |
---------------+-------------------------+-----
Shields        | 4 5 6 8 |  8.2
Dodging        | 1 2 |  2.6
Fighting       | 4 5 |  5.7
Axes           | 3 4 5 |  5.6
Throwing       | 1 |  1.2
Armour         | 4 5 6 |  6.3

Action                   |  1- 3 |  4- 6 |  7- 9 || total
-------------------------+-------+-------+-------++-------
Melee: War axe           |    93 |   113 |   376 ||   582
Throw: Tomahawk          |     1 |     6 |       ||     7
  Use: Scroll            |       |     4 |     3 ||     7
       Potion            |       |     1 |     2 ||     3
  Eat: Chunk             |       |     2 |    11 ||    13
Armor: Scale mail        |    30 |       |       ||    30
       Chain mail        |    21 |    58 |   158 ||   237
Dodge: Dodged            |    38 |    24 |   111 ||   173
Block: Shield            |    53 |    59 |   237 ||   349
